[Event "Deutsche Schachbundesliga"]
[Site "Emsdetten/Germany"]
[Date "2010.03.21"]
[Round "13.2"]
[White "Ginsburg"]
[Black "Giri"]
[Result "0-1"]
[ECO "B04"]
[WhiteElo "2537"]
[BlackElo "2552"]
[Annotator "Robot 3"]
[PlyCount "106"]
[EventDate "2010.??.??"]
[WhiteTeam "HDS"]
[BlackTeam "EMS"]
[TimeControl "40/6000+30:20/3000+30:900+30"]

1. e4 Nf6 2. e5 Nd5 3. d4 d6 4. Nf3 dxe5 5. Nxe5 c6 6. c4 Nb4 7. Be3 Bf5 8. Na3
Nd7 9. Nxd7 Qxd7 10. Be2 e5 11. O-O exd4 12. Qxd4 Qxd4 13. Bxd4 O-O-O 14. Rfd1
b6 15. Bf3 f6 16. Be3 Bc5 17. Bxc5 bxc5 18. Rxd8+ Rxd8 19. Rd1 Rd4 20. Kf1 Kd7
21. Ke2 Kd6 22. Ke3 Ke5 23. g3 Nxa2 24. Be2 g5 25. f3 Nb4 26. Rf1 Bd3 27. Rf2
a5 28. h3 f5 29. f4+ gxf4+ 30. gxf4+ Kf6 31. Bf3 Bxc4 32. Nxc4 Rxc4 33. Rd2 Ke6
34. Rd8 Nd5+ 35. Kf2 Rxf4 36. Rh8 Nf6 37. Rc8 Kd7 38. Rf8 Ke7 39. Rc8 Nd7 40.
Kg3 Rb4 41. Bxc6 Ne5 42. Bd5 h5 43. Rxc5 h4+ 44. Kg2 Rxb2+ 45. Kf1 a4 46. Ra5
Rb4 47. Ke2 Kf6 48. Bg8 Re4+ 49. Kf2 Kg5 50. Bh7 Kf4 51. Ra6 Nd3+ 52. Kg2 Re2+
53. Kg1 Re7 0-1

[Event "Deutsche Schachbundesliga"]
[Site "Emsdetten/Germany"]
[Date "2010.03.21"]
[Round "13.4"]
[White "Chernov"]
[Black "Feygin"]
[Result "1/2-1/2"]
[ECO "C06"]
[WhiteElo "2433"]
[BlackElo "2546"]
[Annotator "Robot 3"]
[PlyCount "72"]
[EventDate "2010.??.??"]
[WhiteTeam "HDS"]
[BlackTeam "EMS"]
[TimeControl "40/6000+30:20/3000+30:900+30"]

1. e4 e6 2. d4 d5 3. Nd2 Nf6 4. e5 Nfd7 5. c3 c5 6. Bd3 Nc6 7. Ngf3 a5 8. O-O
Be7 9. Re1 cxd4 10. cxd4 g5 11. h3 h5 12. Nf1 g4 13. hxg4 hxg4 14. N3h2 Nxd4
15. Qxg4 Bc5 16. Be3 Qh4 17. Qxh4 Rxh4 18. f4 b6 19. Rad1 Bb7 20. Bb1 Nc6 21.
g3 Rh8 22. Nf3 Ba6 23. N1d2 a4 24. Ng5 Ke7 25. Ndf3 Rac8 26. f5 Rcg8 27. f6+
Ke8 28. Bxc5 bxc5 29. Bh7 Rxg5 30. Nxg5 Ncxe5 31. Kg2 Ng4 32. Bf5 Ndxf6 33. Kf3
Nh2+ 34. Kg2 Nhg4 35. Kf3 Nh2+ 36. Kg2 Nhg4 1/2-1/2

[Event "Deutsche Schachbundesliga"]
[Site "Emsdetten/Germany"]
[Date "2010.03.21"]
[Round "13.5"]
[White "Janssen"]
[Black "Gerigk"]
[Result "1/2-1/2"]
[ECO "A29"]
[WhiteElo "2520"]
[BlackElo "2335"]
[Annotator "Robot 3"]
[PlyCount "107"]
[EventDate "2010.??.??"]
[WhiteTeam "EMS"]
[BlackTeam "HDS"]
[TimeControl "40/6000+30:20/3000+30:900+30"]

1. c4 e5 2. Nc3 Nf6 3. Nf3 Nc6 4. g3 Bb4 5. Bg2 Bxc3 6. bxc3 d6 7. d3 h6 8. O-O
O-O 9. Nh4 Nh7 10. e4 Ne7 11. f4 exf4 12. gxf4 f5 13. Be3 Nf6 14. Kh1 c6 15.
Bg1 Qa5 16. Qe1 fxe4 17. dxe4 Be6 18. c5 dxc5 19. f5 Bc4 20. Rf4 Nd7 21. Rg4
Ne5 22. Rg3 Kh7 23. Qe3 b6 24. Qf4 Nd3 25. Qd6 Qxc3 26. Rd1 Qf6 27. Qxf6 gxf6
28. Rgxd3 Bxd3 29. Rxd3 Rad8 30. Ra3 Rd7 31. Bh3 a5 32. e5 Rd1 33. exf6 Nd5 34.
Bg4 Rc1 35. Bh5 Rxf6 36. Bg6+ Kh8 37. Rg3 c4 38. Kg2 c3 39. Bd4 c2 40. Bxf6+
Nxf6 41. Rc3 c5 42. Bf7 Ne4 43. f6 h5 44. Ng6+ Kh7 45. Nf4 Nxc3 46. Bg6+ Kh6
47. f7 Rg1+ 48. Kh3 Kg7 49. Ne6+ Kxg6 50. f8=Q c1=Q 51. Nf4+ Kg5 52. Ne6+ Kg6
53. Nf4+ Kh7 54. Qf7+ 1/2-1/2

[Event "Deutsche Schachbundesliga"]
[Site "Emsdetten/Germany"]
[Date "2010.03.21"]
[Round "13.6"]
[White "Schwalfenberg"]
[Black "Brandenburg"]
[Result "0-1"]
[ECO "E67"]
[WhiteElo "2317"]
[BlackElo "2480"]
[Annotator "Robot 3"]
[PlyCount "74"]
[EventDate "2010.??.??"]
[WhiteTeam "HDS"]
[BlackTeam "EMS"]
[TimeControl "40/6000+30:20/3000+30:900+30"]

1. Nf3 Nf6 2. g3 g6 3. Bg2 Bg7 4. O-O O-O 5. c4 d6 6. d4 Nbd7 7. Nc3 e5 8. e3
Nh5 9. dxe5 dxe5 10. Qd5 Qe7 11. Qa5 c6 12. g4 Nhf6 13. h3 h5 14. g5 Ne8 15. e4
f6 16. h4 Nc5 17. Qa3 Rf7 18. Be3 b6 19. gxf6 Bxf6 20. Ng5 Rf8 21. Na4 Ne6 22.
Qxe7 Bxe7 23. Nf3 Bd6 24. c5 bxc5 25. Ng5 Nd4 26. Rfd1 Rb8 27. Bf1 Rb4 28. b3
Be7 29. Bd2 Rb8 30. Rdc1 Nf6 31. Nxc5 Ng4 32. Nd3 Ba6 33. Be3 Nxe3 34. fxe3
Bxg5 35. hxg5 Nf3+ 36. Kh1 Rbd8 37. Nf2 Rd2 0-1

[Event "Deutsche Schachbundesliga"]
[Site "Emsdetten/Germany"]
[Date "2010.03.21"]
[Round "13.7"]
[White "Fiebig"]
[Black "Maier"]
[Result "1/2-1/2"]
[ECO "C06"]
[WhiteElo "2416"]
[BlackElo "2350"]
[Annotator "Robot 3"]
[PlyCount "148"]
[EventDate "2010.??.??"]
[WhiteTeam "EMS"]
[BlackTeam "HDS"]
[TimeControl "40/6000+30:20/3000+30:900+30"]

1. e4 e6 2. d4 d5 3. Nd2 Nf6 4. e5 Nfd7 5. Bd3 c5 6. c3 Nc6 7. Ne2 cxd4 8. cxd4
Nb6 9. O-O Bd7 10. f4 g6 11. Nf3 a6 12. a3 Rc8 13. Be3 Nc4 14. Bxc4 dxc4 15. f5
gxf5 16. Nf4 Ne7 17. Nh5 Nd5 18. Bg5 Qb6 19. Rf2 Rg8 20. Qd2 Bc6 21. Rc1 Qb3
22. Rc3 Qa4 23. h4 Rg6 24. Nf6+ Rxf6 25. Bxf6 Nxc3 26. Qxc3 Qd1+ 27. Kh2 Qd3
28. Qc1 Bd5 29. Qg5 Kd7 30. Qg8 Kc7 31. Qxh7 Kb8 32. Bg5 c3 33. bxc3 Rxc3 34.
h5 Bxa3 35. h6 Rc8 36. Qg7 Bf8 37. Qxf7 Bxh6 38. Bxh6 Rh8 39. Qg7 Rc8 40. Qf6
a5 41. Bf8 a4 42. Qe7 f4 43. Qd6+ Ka7 44. Qb4 b6 45. Qxa4+ Kb7 46. Qa3 Qe3 47.
Rf1 Rc3 48. Qb2 Qd3 49. Qd2 Qh7+ 50. Kg1 Rxf3 51. gxf3 Qg8+ 52. Qg2 Qxf8 53.
Qg5 b5 54. Kf2 b4 55. Qf6 Qe8 56. Rc1 Qd7 57. Qf8 Qa4 58. Qxf4 b3 59. Qd2 Qa3
60. Rb1 Kb6 61. Qc3 Kb5 62. Ke3 Qf8 63. Rxb3+ Ka4 64. Rb6 Qxf3+ 65. Kd2 Qf4+
66. Qe3 Qh2+ 67. Kc3 Qh1 68. Rb2 Qa1 69. Kc2 Qf1 70. Rb1 Qc4+ 71. Kd2 Qa2+ 72.
Kc1 Qc4+ 73. Kd1 Qf1+ 74. Kc2 Qc4+ 1/2-1/2

[Event "Deutsche Schachbundesliga"]
[Site "Emsdetten/Germany"]
[Date "2010.03.21"]
[Round "13.8"]
[White "Vatter"]
[Black "Pruijssers"]
[Result "0-1"]
[ECO "C54"]
[WhiteElo "2321"]
[BlackElo "2415"]
[Annotator "Robot 3"]
[PlyCount "74"]
[EventDate "2010.??.??"]
[WhiteTeam "HDS"]
[BlackTeam "EMS"]
[TimeControl "40/6000+30:20/3000+30:900+30"]

1. e4 e5 2. Nf3 Nc6 3. Bc4 Bc5 4. c3 Nf6 5. d3 a6 6. Bb3 O-O 7. Nbd2 Ba7 8. Nf1
d5 9. Qe2 Be6 10. Bg5 dxe4 11. dxe4 h6 12. Rd1 Qe7 13. Bc1 Bxb3 14. axb3 Qe6
15. b4 Rad8 16. Rxd8 Rxd8 17. Ng3 Qb3 18. O-O Kh7 19. h3 Bb6 20. Nh2 Nxb4 21.
Bxh6 Nd3 22. Ng4 Qe6 23. Nxf6+ Qxf6 24. Be3 Nf4 25. Qg4 g6 26. Kh2 Rd3 27. Bc1
a5 28. Ne2 Nxe2 29. Qxe2 Rd7 30. Qg4 Qe6 31. Qh4+ Kg8 32. Bg5 f5 33. f4 Rf7 34.
exf5 Qxf5 35. Re1 e4 36. Qg4 Qxg4 37. hxg4 Bf2 0-1

[Event "Deutsche Schachbundesliga"]
[Site "Emsdetten/Germany"]
[Date "2010.03.21"]
[Round "13.1"]
[White "Najer"]
[Black "Shirov"]
[Result "0-1"]
[ECO "C78"]
[WhiteElo "2681"]
[BlackElo "2741"]
[Annotator "Robot 3"]
[PlyCount "84"]
[EventDate "2010.??.??"]
[WhiteTeam "WAT"]
[BlackTeam "BAD"]
[TimeControl "40/6000+30:20/3000+30:900+30"]

1. e4 e5 2. Nf3 Nc6 3. Bb5 a6 4. Ba4 Nf6 5. O-O b5 6. Bb3 Bc5 7. a4 Rb8 8. c3
d6 9. d4 Bb6 10. a5 Ba7 11. Be3 Bg4 12. dxe5 Bxf3 13. Qxf3 Nxe5 14. Qe2 Bxe3
15. Qxe3 O-O 16. Nd2 Re8 17. f3 c5 18. Bc2 Qc7 19. Rfd1 d5 20. Qf2 c4 21. exd5
Nxd5 22. Ne4 Nf4 23. Qc5 Qb7 24. Rd6 Ned3 25. Bxd3 Nxd3 26. Qd5 Qa7+ 27. Qd4
Qxd4+ 28. Rxd4 f5 29. Nd6 Re2 30. Nxf5 Rbe8 31. h4 Rxb2 32. Rd7 Kf8 33. Rxg7
Re5 34. Rg5 h6 35. f4 Nxf4 36. Nxh6 Rxg5 37. hxg5 Rxg2+ 38. Kh1 Rxg5 39. Rf1
Rh5+ 40. Kg1 Rxh6 41. Rxf4+ Ke7 42. Kg2 Rg6+ 0-1

[Event "Deutsche Schachbundesliga"]
[Site "Emsdetten/Germany"]
[Date "2010.03.21"]
[Round "13.4"]
[White "Vallejo Pons"]
[Black "Johannessen"]
[Result "1-0"]
[ECO "B04"]
[WhiteElo "2696"]
[BlackElo "2532"]
[Annotator "Robot 3"]
[PlyCount "55"]
[EventDate "2010.??.??"]
[WhiteTeam "BAD"]
[BlackTeam "WAT"]
[TimeControl "40/6000+30:20/3000+30:900+30"]

1. e4 Nf6 2. e5 Nd5 3. d4 d6 4. Nf3 dxe5 5. Nxe5 c6 6. Bc4 Nd7 7. Nf3 N7b6 8.
Be2 Bg4 9. h3 Bxf3 10. Bxf3 e6 11. O-O Be7 12. b3 O-O 13. c4 Nf6 14. Bb2 Qc7
15. Qe2 Rfe8 16. Re1 Bf8 17. Nd2 g6 18. g3 Bg7 19. Bg2 Rad8 20. Nf3 Nbd7 21.
Rad1 Nh5 22. Kh2 Qb8 23. Bc3 h6 24. Ba5 Rc8 25. Ne5 Nxe5 26. dxe5 b6 27. Bc3
Qc7 28. Bf3 1-0

[Event "Deutsche Schachbundesliga"]
[Site "Emsdetten/Germany"]
[Date "2010.03.21"]
[Round "13.3"]
[White "Czernota"]
[Black "Naiditsch"]
[Result "0-1"]
[ECO "C65"]
[WhiteElo "2537"]
[BlackElo "2685"]
[Annotator "Robot 3"]
[PlyCount "86"]
[EventDate "2010.??.??"]
[WhiteTeam "WAT"]
[BlackTeam "BAD"]
[TimeControl "40/6000+30:20/3000+30:900+30"]

1. e4 e5 2. Nf3 Nc6 3. Bb5 Nf6 4. d3 Bc5 5. Bxc6 dxc6 6. h3 Nd7 7. O-O O-O 8.
Be3 Re8 9. Nbd2 Bf8 10. d4 exd4 11. Bxd4 c5 12. Bc3 b5 13. b3 Bb7 14. Re1 Nf6
15. Be5 Bc6 16. c4 bxc4 17. bxc4 Bd6 18. Bxd6 cxd6 19. Qc2 Nh5 20. Qc3 Re6 21.
Qe3 h6 22. e5 dxe5 23. Nxe5 Qd6 24. Qd3 Qxd3 25. Nxd3 Rd6 26. Re3 Rad8 27. Ne5
Bxg2 28. Nb3 Nf4 29. Nxc5 Rd1+ 30. Re1 Rxa1 31. Rxa1 Bxh3 32. Nb3 f6 33. Nc6
Rd3 34. Nxa7 Ne2+ 35. Kh2 Bg4 36. Kg2 Bh3+ 37. Kh2 Be6 38. Re1 Rh3+ 39. Kg2
Nf4+ 40. Kg1 Bxc4 41. Re3 Ne2+ 42. Kg2 Rxe3 43. fxe3 Nc3 0-1

[Event "Deutsche Schachbundesliga"]
[Site "Emsdetten/Germany"]
[Date "2010.03.21"]
[Round "13.7"]
[White "Souleidis"]
[Black "Gustafsson"]
[Result "1/2-1/2"]
[ECO "B11"]
[WhiteElo "2429"]
[BlackElo "2622"]
[Annotator "Robot 3"]
[PlyCount "113"]
[EventDate "2010.??.??"]
[WhiteTeam "WAT"]
[BlackTeam "BAD"]
[TimeControl "40/6000+30:20/3000+30:900+30"]

1. e4 c6 2. Nc3 d5 3. Nf3 a6 4. d4 Bg4 5. h3 Bh5 6. Be2 e6 7. O-O Nf6 8. Ne5
Bxe2 9. Qxe2 Be7 10. Rd1 O-O 11. a3 Nbd7 12. Bf4 Re8 13. Nd3 Nf8 14. e5 N6d7
15. Na4 f6 16. Bg3 fxe5 17. Nxe5 Nxe5 18. Bxe5 Nd7 19. Bg3 Bf6 20. Nc3 Qb6 21.
Qd2 e5 22. dxe5 Nxe5 23. b3 Re7 24. Na4 Qa7 25. Rab1 Rae8 26. Re1 b5 27. Nb2
Qd7 28. Bxe5 Bxe5 29. Nd3 Bd6 30. a4 Re4 31. axb5 axb5 32. f3 Qa7+ 33. Kf1 Rf8
34. Qf2 Qb8 35. Qd2 Bg3 36. Nf2 Rxe1+ 37. Rxe1 Qb6 38. Re2 Ra8 39. Qe1 Kf8 40.
Qb4+ Kg8 41. Qe1 Kf7 42. Qc3 b4 43. Re7+ Kxe7 44. Qxg7+ Ke6 45. Qg4+ Kf6 46.
Qxg3 Qd4 47. Nd3 Qe3 48. Qd6+ Kg7 49. Qxb4 Ra1+ 50. Ne1 Kf7 51. Qh4 Ke6 52. Qg3
Kf7 53. Qc7+ Kg8 54. Qd8+ Kf7 55. Qc7+ Kg8 56. Qd8+ Kf7 57. Qc7+ 1/2-1/2

[Event "Deutsche Schachbundesliga"]
[Site "Emsdetten/Germany"]
[Date "2010.03.21"]
[Round "13.8"]
[White "Schlosser"]
[Black "Sträter"]
[Result "1-0"]
[ECO "D42"]
[WhiteElo "2555"]
[BlackElo "2347"]
[Annotator "Robot 3"]
[PlyCount "51"]
[EventDate "2010.??.??"]
[WhiteTeam "BAD"]
[BlackTeam "WAT"]
[TimeControl "40/6000+30:20/3000+30:900+30"]

1. d4 Nf6 2. c4 e6 3. Nf3 c5 4. Nc3 d5 5. e3 Nc6 6. cxd5 Nxd5 7. Bd3 cxd4 8.
exd4 Be7 9. O-O O-O 10. Re1 Bf6 11. Be4 Nce7 12. Qd3 g6 13. Bh6 Re8 14. Rac1
Bd7 15. Bxd5 Nxd5 16. Ne4 Bc6 17. Ne5 Nb4 18. Nxf6+ Qxf6 19. Qd2 Qe7 20. Bg5
Qd6 21. Ng4 Nd5 22. Nf6+ Nxf6 23. Bxf6 e5 24. Bxe5 Qd5 25. f3 Rad8 26. Qh6 1-0